 Dungeon Crawl Stone Soup version 0.31-a0-846-gb3bcc0d938 (webtiles) character file.

Game seed: 16855632278493154725

125 javelincjr the Ruffian (level 5, 0/38 HPs)
             Began as a Djinni Shapeshifter on Oct 3, 2023.
             Slain by an orc
             ... wielding a +0 whip
              (4 damage)
             ... on level 4 of the Dungeon.
             The game lasted 00:11:53 (3359 turns).

javelincjr the Ruffian (Djinni Shapeshifter)        Turns: 3359, Time: 00:11:54

Health: 0/38       AC:  2    Str: 15    XL:     5   Next: 30%
Gold:   237        EV: 13    Int: 16    God:
                   SH:  0    Dex: 13

rFire   + . .        a - +1 sling of the Dove {heavy, rF- Int+5}
rCold   x . .        (no shield)
rNeg    . . .        y - +0 animal skin
rPois   ∞            (helmet currently unavailable)
rElec   .            (cloak currently unavailable)
rCorr   .            (gloves currently unavailable)
SInv    .            (boots unavailable)
Will    .....        (no amulet)
Stlth   +            (no ring)
HPRegen 0.26/turn    (no ring)
MPRegen 0.00/turn

%: infuse magic (-1 HP)
@: beast-form, flying
A: beast (slay +2), flying, sickness immunity, fire resistance 2, cold
vulnerability 1, float, innate caster, HP casting, extra vitality 1
a: Begin Untransformation


You were on level 4 of the Dungeon.
You were a hulking beast.
You visited 1 branch of the dungeon, and saw 4 of its levels.

You collected 321 gold pieces.
You spent 84 gold pieces at shops.

Inventory:

Hand Weapons
 a - the +1 sling of the Dove (weapon) {heavy, rF- Int+5}
   (You found it on level 2 of the Dungeon)

   Int+5:     It affects your intelligence (+5).
   rF-:       It makes you vulnerable to fire.
 b - a +2 dagger of venom
 k - a +0 spear
Missiles
 h - 12 poisoned darts
 j - 6 javelins
Armour
 y - a +0 animal skin (worn)
 A - a +0 pair of gloves
Magical Staves
 i - a staff of earth
Talismans
 c - a beast talisman (active)
 d - a flux talisman
 l - a storm talisman
Wands
 B - a wand of light (10)
Scrolls
 e - 14 scrolls of identify {unknown}
 f - a scroll of enchant weapon {unknown}
 g - 3 scrolls of silence {unknown}
 m - a scroll of revelation {unknown}
 r - a scroll of acquirement {unknown}
 v - a scroll of blinking {unknown}
 z - a scroll of poison {unknown}
Potions
 n - a potion of lignification
 o - 4 potions of curing
 p - a potion of might
 q - 3 potions of heal wounds {unknown}
 s - a potion of brilliance {unknown}
 t - a potion of berserk rage {unknown}
 u - 2 potions of cancellation {unknown}
 w - a potion of haste {unknown}
 x - a potion of degeneration {unknown}


   Skills:
 + Level 2.1 Fighting
 + Level 3.1 Dodging
 + Level 3.5 Unarmed Combat
 + Level 0.8 Spellcasting
 + Level 0.8 Conjurations
 + Level 0.8 Hexes
   Level 0.0 Charms
 + Level 0.8 Summonings
 + Level 0.8 Necromancy
 + Level 0.8 Translocations
 + Level 0.8 Transmutations
 + Level 0.8 Fire Magic
 + Level 0.8 Ice Magic
 + Level 0.8 Air Magic
 + Level 0.8 Earth Magic
 + Level 0.8 Poison Magic
 * Level 3.5 Shapeshifting


You knew the following spells:

 Your Spells              Type           Power      Damage    Failure   Level
a - Sting                 Tmut/Pois      12%        1d3       17%         1
b - Passwall              Tmut/Erth      2%         N/A       26%         2
Your spell library was empty.

Dungeon Overview and Level Annotations

Branches:
Dungeon (4/15)
 Temple: D:4-7

Altars:
Nemelex Xobeh

Shops:
D:1 !   D:3 ?

Annotations:
D:4 1 runed translucent door, GreenGuy14's ghost, amateur DjCj


Innate Abilities, Weirdness & Mutations

You are a hulking beast.
Your limbs bulge with bestial killing power. (Slay +2)
You are flying.
You are immune to sickness and miasma.
You are immune to poison.
Your flesh is very heat resistant. (rF++)
You are vulnerable to cold. (rC-)
You float through the air rather than walking.
You learn spells naturally, not from books.
Your magical power is your life essence.
You have superior vitality. (+4 MHP)


Message History

The orc priest mumbles some strange prayers to Beogh against you.
Pain shoots through your body!
You shoot a sling bullet.
The sling bullet barely misses the orc priest.
A giant cockroach comes into view.
The orc priest closely misses you.
The orc priest hits you with a +0 flail.
The giant cockroach moves out of view.
You shoot a sling bullet. The sling bullet hits the orc priest!
The orc priest is severely wounded.
The orc priest mumbles some strange prayers to Beogh against you.
Beogh smites you!
You shoot a sling bullet. The sling bullet barely misses the orc.
The orc priest mumbles some strange prayers to Beogh against you.
Beogh smites you! The orc misses you.
You hear a shout!
You are too injured to fight recklessly!
You are too injured to fight recklessly!
You are too injured to fight recklessly!
The orc attacks as it pursues you! The orc hits you with a +0 whip.
* * * LOW HITPOINT WARNING * * *
The orc attacks as it pursues you! The orc hits you with a +0 whip.
* * * LOW HITPOINT WARNING * * *
You are too injured to fight recklessly!
Fire: a) +1 sling of the Dove {heavy, rF- Int+5}
Press: ? - help, Q - select action, (/) - cycle Shift-Dir - straight line, f - orc priest, p - orc
Aim: an orc priest, wielding a +0 flail (severely wounded, 59% to hit)
You shoot a sling bullet. The sling bullet hits the orc.
The orc is severely wounded.
The orc priest calls upon Beogh to heal the orc.
The orc's wounds heal themselves!
The orc barely misses you. The orc hits you with a +0 whip.
* * * LOW HITPOINT WARNING * * *
Fire: a) +1 sling of the Dove {heavy, rF- Int+5}
Press: ? - help, Q - select action, (/) - cycle Shift-Dir - straight line, f/p - orc priest
Aim: an orc priest, wielding a +0 flail (severely wounded, 59% to hit)
You shoot a sling bullet. The sling bullet hits the orc.
The orc is severely wounded.
The orc hits you with a +0 whip.
You die...

#.# #.#
#.# #.#
#.# #.#
#.# #.#
#h# #o#
#o#
...Bo..o#
#######.#
#.# ###


You could see an orc priest and 2 orcs.

Vanquished Creatures
  4 adders
  An ufetubus (D:4)
  2 worms (D:2)
  4 orcs (D:3)
  10 endoplasms
  2 giant cockroaches
  6 goblins
  11 hobgoblins
  4 quokkas
  4 ball pythons
  8 bats
  4 frilled lizards
  6 kobolds
  4 rats
70 creatures vanquished.

Notes
Turn   | Place    | Note
-------+----------+-------------------------------------------
     0 | D:1      | javelincjr the Djinni Shapeshifter began the quest for the
                  | Orb.
     0 | D:1      | Reached XP level 1. HP: 17/17 MP: 0/0
    47 | D:1      | Found Fahypsag's Distillery.
   281 | D:1      | Reached XP level 2. HP: 22/22 MP: 0/0
   372 | D:1      | Found a faded altar of an unknown god.
   625 | D:1      | Reached XP level 3. HP: 23/27 MP: 0/0
   625 | D:1      | Learned a level 1 spell: Sting
  1120 | D:1      | Bought a potion of curing for 36 gold pieces
  1120 | D:1      | Bought a potion of might for 48 gold pieces
  1566 | D:2      | Reached XP level 4. HP: 32/32 MP: 0/0
  1657 | D:2      | You are sucked into a shaft and drop 2 floors!
  1717 | D:3      | Found a sparkling altar of Nemelex Xobeh.
  1880 | D:3      | Found The Oracle's Delphic Readings.
  2400 | D:2      | Reached XP level 5. HP: 38/38 MP: 0/0
  2400 | D:2      | Learned a level 2 spell: Passwall
  2423 | D:2      | Identified the +1 sling of the Dove {heavy, rF- Int+5}
  3209 | D:4      | Found a runed translucent door.
  3212 | D:4      | Noticed GreenGuy14's ghost (amateur DjCj)
  3359 | D:4      | Slain by an orc

Illustrated notes

Levels and vault maps discovered:
D:1:      dpeg_arrival_more_subterranean_lakeside_camping, layout_basic,
          serial_shops, shop, hellmonk_ecumenical_altar_arch_garden,
          serial_park_tiny_pond, chequers_decorated_corner,
          minmay_gold_behind_fungi, chequers_serial_rivers_large_b,
          nicolae_titane
D:2:      layout_basic, due_unseen_surprise
D:3:      layout_basic, nemelex_spade_bored_becter, supply_closet_lemuel,
          nicolae_nh_oracle_at_delphi
D:4:      layout_basic, gammafunk_ghost_grave

Skill      XL: |  1  2  3  4 |
---------------+-------------+-----
Shapeshifting  | 3 |  3.5
Fighting       | 2 |  2.1
Dodging        | 3 |  3.1
Unarmed Combat | |  3.5
Spellcasting   | |  0.8
Conjurations   | |  0.8
Hexes          | |  0.8
Summonings     | |  0.8
Necromancy     | |  0.8
Translocations | |  0.8
Transmutations | |  0.8
Fire Magic     | |  0.8
Ice Magic      | |  0.8
Air Magic      | |  0.8
Earth Magic    | |  0.8
Poison Magic   | |  0.8

Action                     |  1- 3 |  4- 6 || total
---------------------------+-------+-------++-------
  Melee: Unarmed           |    43 |       ||    43
         Dagger            |    61 |    67 ||   128
         Punch             |     3 |       ||     3
   Fire: Sling             |       |    32 ||    32
   Cast: Sting             |       |     2 ||     2
         Passwall          |       |     2 ||     2
   Stab: Sleeping          |       |     1 ||     1
 Armour: Animal skin       |    39 |    61 ||   100
  Dodge: Dodged            |    48 |    48 ||    96

Table legend: (Time is in decaauts)
 A = Elapsed time spent in this place.
 B = Non-inter-level travel time spent in this place.
 C = Inter-level travel time spent in this place.
 D = Time resting spent in this place.
 E = Time spent auto-exploring this place.
 F = Levels seen in this place.
 G = Mean time per level.
                   A        B        C        D        E       F      G
               +--------+--------+--------+--------+--------+-----+--------+
         Total |   3389 |   3247 |    142 |     54 |   2404 |   4 |  847.2 |
       Dungeon |   3389 |   3247 |    142 |     54 |   2404 |   4 |  847.2 |
               +--------+--------+--------+--------+--------+-----+--------+

Top non-repeatable levels by time:
     D:1: 1143 daAuts
     D:2: 1054 daAuts
     D:3: 803 daAuts
     D:4: 387 daAuts
